 Dungeon Crawl Stone Soup version 0.28-a0-819-g6ef7baa362 (webtiles) character file.

Game seed: 15277443456244419685

72 demibob the Sneak (level 4, -8/26 HPs)
             Began as a Kobold Brigand on Nov 9, 2021.
             Engulfed by a cloud of flame (15 damage)
             ... on level 2 of the Dungeon.
             The game lasted 00:02:12 (1807 turns).

demibob the Sneak (Kobold Brigand)                  Turns: 1807, Time: 00:02:13

Health: -8/26      AC:  3    Str:  8    XL:     4   Next: 50%
Magic:  4/4        EV: 19    Int: 12    God:
Gold:   76         SH:  0    Dex: 17    Spells: 3/3 levels left

rFire   . . .      SeeInvis .   a - +1 short sword (vamp)
rCold   + . .      Faith    .   (shield restricted)
rNeg    . . .      Spirit   .   b - +0 robe
rPois   .          Reflect  .   (no helmet)
rElec   .          Harm     .   c - +0 cloak
rCorr   .          Rampage  .   (no gloves)
Will    .....                   (no boots)
Stlth   ++++......              (no amulet)
HPRegen 0.08/turn               C - ring of protection from cold
MPRegen 0.09/turn               E - +4 ring of evasion

@: no status effects
A: small, no large weapons, nightstalker 3
a: no special abilities


You were on level 2 of the Dungeon.
You visited 1 branch of the dungeon, and saw 2 of its levels.

You collected 76 gold pieces.


Innate Abilities, Weirdness & Mutations

You are small and have problems with some larger weapons.
You are completely attuned to the shadows.


   Skills:
 - Level 2.1 Fighting
 + Level 4.1 Short Blades
 - Level 2.1 Throwing
 + Level 2.8 Dodging
 + Level 6.2 Stealth


You had 3 spell levels left.
You didn't know any spells.
Your spell library contained the following spells:

 Spells                   Type           Power      Damage    Failure   Level
 Ensorcelled Hibernation  Hex/Ice        0%         N/A       45%         2
 Spider Form              Tmut/Pois      0%         N/A       69%         3

Inventory:

Hand Weapons
 a - a +1 vampiric short sword (weapon)
 j - a +2 dagger
Missiles
 d - 16 poisoned darts (quivered)
 e - 2 curare-tipped darts {=f}
Armour
 b - a +0 robe (worn)
 c - a +0 cloak (worn)
Jewellery
 h - an amulet of magic regeneration
 C - a ring of protection from cold (left hand)
 E - a +4 ring of evasion (right hand)
Scrolls
 k - a scroll of torment {unknown}
Potions
 f - a potion of curing {@q1}
 g - a potion of flight {unknown}
 i - a potion of might {unknown}
 l - a potion of brilliance {unknown}

Dungeon Overview and Level Annotations

Branches:
Dungeon (2/15)

Altars:

#####.# #.# ▒▒▒▒
♣.♣ .☼§§ #.#
##.§☼§...$.§ #.#
#..§...$...
####♣.♣
#.▒▒▒▒▒...▒
#..##.###.▒
▒§§☼▒
#.##..#...▒
▒☼§○▒
#.##......▒
▒○@§▒
#.#####...▒
▒▒...▒
#.#####.#.#
#...##
#.......###
#..## #########
#.######
#.......#
#..####.# #..#
#.#
#..####.########


There were no monsters in sight!


Message History

You hit the goblin.
You kill the goblin!
No target in view!
Found 5 gold pieces.
Found an escape hatch in the ceiling.
Things that are here:
a +0 dagger; a goblin corpse You now have 76 gold pieces (gained 5).
You open the door. As you open the door, it creaks loudly!
There is an open door here.
Found a sapphire ring.
You are caught in the web!
E - a +4 ring of evasion
There is a web here.
E - a +4 ring of evasion (right hand)
You struggle to detach yourself from the web.
You struggle to detach yourself from the web.
You disentangle yourself.
You open the door.
There is an open door here.
You open the door.
There is an open door here.
You're in a travel-excluded area, stopping explore.
Found 8 gold pieces.
Found 11 gold pieces.
You are engulfed in blazing flames.
Ouch! That really hurt!
* * * LOW HITPOINT WARNING * * *
You are engulfed in blazing flames.
Ouch! That really hurt!
You die...

Skill      XL: |  1  2  3 |
---------------+----------+-----
Short Blades   | 3 4 |  4.1
Dodging        | 2 |  2.8
Stealth        | 6 |  6.2
Fighting       | |  2.1
Throwing       | |  2.1

Action                   |  1- 3 |  4- 6 || total
-------------------------+-------+-------++-------
Melee: Dagger            |    51 |       ||    51
       Short sword       |    26 |    12 ||    38
Throw: Dart              |     2 |       ||     2
  Use: Potion            |     1 |       ||     1
 Stab: Sleeping          |    20 |     4 ||    24
Armor: Robe              |     8 |     2 ||    10
Dodge: Dodged            |    34 |    11 ||    45

Levels and vault maps discovered:
D:1:      minmay_arrival_semitransparent, layout_loops_ring,
          hellmonk_ecumenical_altar_leap_of_faith, chequers_decorated_corner,
          minmay_pentomino_t4
D:2:      layout_loops_corners, amcnicky_mini_corridor_feature,
          minmay_splitting_lines, grunt_ministairs_15, corner_web_ring,
          kennysheep_decorative_pillar, lemuel_flame_loot_1

Notes
Turn   | Place    | Note
-------+----------+-------------------------------------------
     0 | D:1      | demibob the Kobold Brigand began the quest for the Orb.
     0 | D:1      | Reached XP level 1. HP: 12/12 MP: 1/1
   185 | D:1      | Reached skill level 3 in Short Blades
   190 | D:1      | Reached XP level 2. HP: 17/17 MP: 2/2
   486 | D:1      | Reached skill level 2 in Dodging
   522 | D:1      | Reached XP level 3. HP: 21/21 MP: 3/3
   610 | D:1      | Found a faded altar of an unknown god.
  1161 | D:2      | Reached skill level 4 in Short Blades
  1161 | D:2      | Reached skill level 6 in Stealth
  1161 | D:2      | Reached XP level 4. HP: 20/26 MP: 4/4
  1807 | D:2      | Engulfed by a cloud of flame

Vanquished Creatures
  A bullfrog skeleton (D:2)
  A dart slug (D:1)
  2 bats (D:1)
  An endoplasm (D:1)
  4 giant cockroaches
  3 goblins
  2 hobgoblins (D:1)
  4 jackals (D:1)
  4 kobolds
  2 quokkas
  7 ball pythons
  3 frilled lizards (D:1)
  6 rats (D:1)
40 creatures vanquished.

Table legend: (Time is in decaauts)
 A = Elapsed time spent in this place.
 B = Non-inter-level travel time spent in this place.
 C = Inter-level travel time spent in this place.
 D = Time resting spent in this place.
 E = Time spent auto-exploring this place.
 F = Levels seen in this place.
 G = Mean time per level.
                   A        B        C        D        E       F      G
               +--------+--------+--------+--------+--------+-----+--------+
         Total |   1793 |   1739 |     54 |      0 |   1491 |   2 |  896.5 |
       Dungeon |   1793 |   1739 |     54 |      0 |   1491 |   2 |  896.5 |
               +--------+--------+--------+--------+--------+-----+--------+

Top non-repeatable levels by time:
     D:1: 993 daAuts
     D:2: 799 daAuts

Table legend:
 A = Non-vault XP
 B = Vault XP
 C = Vault XP percentage of total XP
 D = Non-vault monster count
 E = Vault monster count
 F = Vault count percentage of total count
                 A         B        C        D         E       F
            +---------+---------+-------+---------+---------+-------
      Total |      93 |      11 |  10.6 |      34 |       6 |  15.0
            +---------+---------+-------+---------+---------+-------
        D:1 |      42 |       7 |  14.3 |      26 |       4 |  13.3
        D:2 |      51 |       4 |   7.3 |       8 |       2 |  20.0
            +---------+---------+-------+---------+---------+-------
